 Dungeon Crawl Stone Soup version 0.14-a0-181-gf6fe0c6 (webtiles) character file.

194 Malachi the Chiller (level 4, -3/33 HPs)
             Began as a Ghoul Ice Elementalist on Oct 6, 2013.
             Slain by a worm (5 damage)
             ... on Level 3 of the Dungeon.
             The game lasted 00:05:04 (2587 turns).

Malachi the Chiller (Ghoul Ice Elementalist)        Turns: 2587, Time: 00:05:05

HP  -3/33        AC  3     Str 11      XL: 4   Next: 69%
MP   1/6         EV 12     Int 11      God:
Gold 96          SH  0     Dex  9      Spells:  1 memorised,  4 levels left

Res.Fire  : . . .   See Invis. : .   f - +1,+0 elf spear
Res.Cold  : + . .   Warding    : .   a - +0 robe
Life Prot.: + + +   Conserve   : .   (no shield)
Res.Poison: +       Res.Corr.  : .   n - +0 spiked helmet
Res.Elec. : .       Clarity    : .   (no cloak)
Sust.Abil.: . .     Spirit.Shd : .   (no gloves)
Res.Mut.  : .       Stasis     : .   (no boots)
Res.Rott. : +       Flight     : .   (no amulet)
Saprovore : + + +                    (no ring)
                                     (no ring)

@: rotting, slightly resistant to hostile enchantments, fairly stealthy
A: rotting body, claws 1, carnivore 3, cold resistance 1, life protection 3,
poison resistance, saprovore 3, slow healing 1, torment resistance, unbreathing
a: no special abilities


You were on level 3 of the Dungeon.
You were not hungry.

You visited 1 branch of the dungeon, and saw 3 of its levels.

You collected 76 gold pieces.

Inventory:

Hand weapons
 f - a +1,+0 elven spear (weapon)
Armour
 a - a +0 robe (worn)
 n - a +0 spiked helmet (worn)
Comestibles
 h - a chunk of kobold flesh
 p - a chunk of kobold flesh
 r - a chunk of bat flesh
 s - a meat ration
 v - a chunk of bat flesh
 w - a chunk of adder flesh
Scrolls
 d - a scroll of curse armour {unknown}
 j - a scroll of identify {unknown}
 l - a scroll of enchant weapon II
 m - a scroll of fog {unknown}
 o - a scroll of remove curse {unknown}
Jewellery
 k - an uncursed amulet of stasis {unknown}
 t - an uncursed amulet of rage {unknown}
Potions
 c - 2 potions of agility {unknown}
 e - a potion of magic {unknown}
 g - a potion of might {unknown}
 i - 3 potions of slowing {unknown}
 q - a potion of brilliance {unknown}
 u - a potion of invisibility {unknown}
Books
 b - a book of Frost

   Spells                             Type                      Level
   *Freeze                            Ice                          1
   Throw Frost                        Conjuration/Ice              2
   Ozocubu's Armour                   Charms/Ice                   3
   Throw Icicle                       Conjuration/Ice              4
   Summon Ice Beast                   Ice/Summoning                4
   Condensation Shield                Ice                          4


   Skills:
 + Level 0.2 Fighting
 + Level 2.2 Dodging
 + Level 2.4 Stealth
 - Level 1.0 Spellcasting
   Level 0.7 Conjurations
 * Level 5.4 Ice Magic


You had 4 spell levels left.
You knew the following spells:

 Your Spells              Type           Power        Failure   Level  Hunger
a - Freeze                Ice            ##..         3%          1    ##.....


Dungeon Overview and Level Annotations

Branches:
Dungeon (3/27)

Altars:


Innate Abilities, Weirdness & Mutations

Your body is rotting away.
You have sharp fingernails.
You are carnivorous and can eat meat at any time.
Your flesh is cold resistant.
You are immune to negative energy.
Your system is resistant to poisons.
You thrive on rotten meat.
You heal slowly.
You are immune to unholy pain and torment.
You can survive without breathing.


Message History

The worm bites you!
* * * LOW HITPOINT WARNING * * *
A jackal comes into view.
The jackal barks!
A jackal comes into view.
A jackal comes into view.
You are too injured to fight recklessly!
You are too injured to fight recklessly!
Casting: Freeze
Confirm with . or Enter, or press ? or * to list all spells.
Aiming: Freeze
Press: ? - help, Shift-Dir - straight line, f/p - worm
Aim: a worm (almost dead)
You freeze the worm.
The worm is almost dead.
The jackal bites you.
* * * LOW HITPOINT WARNING * * *
The jackal bites you but does no damage.
The worm bites you.
You die...

#..# # #..# #..# #..# .
#..# #..# #h.# #..#
#..###..###### #
#.h##........# #.#
###..@.........#####.#
#...w.................
#.#...................
##.#!...........###....
#.................#....
#......................
#........#.#.####.#....
#?.......#.#.####.#....
#......................


You could see a worm and 2 jackals.

Vanquished Creatures
  3 adders
  4 giant geckos
  3 giant cockroaches (D:1)
  8 goblins
  6 hobgoblins
  5 jackals (D:1)
  2 quokkas
  19 bats
  7 kobolds
  7 rats
64 creatures vanquished.

Notes
Turn   | Place    | Note
--------------------------------------------------------------
     0 | D:1      | Malachi, the Ghoul Ice Elementalist, began the quest for the Orb.
     0 | D:1      | Reached XP level 1. HP: 14/14 MP: 3/3
   484 | D:1      | Reached XP level 2. HP: 20/20 MP: 1/4
   651 | D:1      | Reached skill level 4 in Ice Magic
  1028 | D:1      | Reached XP level 3. HP: 26/26 MP: 0/5
  1579 | D:2      | Reached XP level 4. HP: 33/33 MP: 0/6
  1602 | D:2      | Reached skill level 5 in Ice Magic
  2587 | D:3      | Slain by a worm

Action                   |  1- 3 |  4- 6 || total
-------------------------+-------+-------++-------
Melee: Unarmed           |     2 |       ||     2
       Spear             |    36 |    54 ||    90
 Cast: Freeze            |    50 |    37 ||    87
  Use: Scroll            |     2 |       ||     2
 Stab: Sleeping          |       |     2 ||     2
